Get step-by-step instructions on how to execute this build order below. Start the game timer, and the build order will tick by so you can play in parallel with StarCraft on a second screen or mobile device.

Game Time

  0:00

Last Step

  N/A

Next Step

Upcoming Step



Don't want to look back and forth between 2 screens? Try out our Overwolf App, the Spawning Tool Build Advisor to get an in-game overlay with this build!

Complete Build Order

  12  0:01  SCV  
  13  0:13  SCV  
  14  0:19  Supply Depot  
  14  0:25  SCV  
  15  0:40  SCV  
  16  0:42  Barracks  
  16  0:46  Refinery  
  16  0:52  SCV  
  17  1:05  SCV  
  17  1:10  Barracks  
  18  1:17  SCV  
  19  1:22  Supply Depot  
  19  1:32  Reaper  
  20  1:37  Orbital Command  
  20  1:59  Reaper  
  21  2:04  SCV  
  22  2:09  Reaper  
  23  2:25  SCV  
  23  2:28  Command Center  
  24  2:40  Marine  
  24  2:42  Marine  
  26  2:45  SCV  
  27  2:53  Factory  
  27  2:54  Bunker  
  27  2:59  Marine  
  27  3:00  Marine  
  27  3:04  Supply Depot  
  28  3:13  SCV  
  28  3:17  Marine  
  31  3:32  Barracks Tech Lab  
  30  3:38  Factory Reactor  
  30  3:43  Orbital Command  
  30  3:45  Refinery  
  30  3:47  Barracks Reactor  
  30  3:58  SCV  
  31  4:09  SCV  
  32  4:10  SCV  
  32  4:11  Marine  
  32  4:16  Hellion x2  
  38  4:21  SCV  
  38  4:22  SCV  
  40  4:25  Command Center  
  40  4:29  Marine  
  40  4:30  Marine  
  42  4:31  Marine  
  42  4:33  SCV  
  42  4:34  SCV  
  42  4:37  Stimpack  
  49  4:38  Hellion x2  
  49  4:42  Engineering Bay  
  49  4:45  SCV  
  49  4:46  SCV, Marine  
  49  4:48  Marine  
  53  4:54  Supply Depot  
  53  4:57  Supply Depot  
  53  4:58  SCV  
  54  5:15  SCV x2, Marine  
  54  5:16  Hellion x2  
  61  5:26  Marine  
  61  5:28  SCV x2  
  64  5:32  Marine  
  64  5:35  Barracks  
  65  5:38  Starport  
  65  5:40  SCV  
  66  5:47  Marine x2  
  68  5:55  Orbital Command  
  68  5:56  Barracks  
  68  5:58  Supply Depot  
  68  6:08  Marine x2  
  70  6:12  Marine  
  70  6:13  Factory Tech Lab  
  70  6:14  SCV  
  70  6:17  Starport Reactor  
  70  6:18  Engineering Bay  
  72  6:23  SCV  
  72  6:24  SCV  
  75  6:30  Barracks  
  75  6:35  Barracks Tech Lab  
  75  6:39  Orbital Command  
  74  6:42  Supply Depot  
  74  6:50  Marine  
  74  6:51  SCV, Marauder  
  78  6:59  Marauder, Marine x2  
  78  7:00  Marine  
  82  7:03  Medivac x2  
  80  7:12  Marauder  
  74  7:17  Marine  
  74  7:21  Marauder  
  74  7:22  Orbital Command  
  72  7:26  Marine x2  
  72  7:28  SCV  
  59  7:30  Supply Depot x2  
  59  7:31  Marine x2  
  59  7:34  Marauder  
  50  7:42  Marine, Marauder  
  48  7:52  Barracks Tech Lab